 Dungeon Crawl Stone Soup version 0.31-a0-667-g39726597b9 (webtiles) character file.

Game seed: 6101254319829133664

2 greenreed the Ruffian (level 1, 0/13 HPs)
             Began as an Octopode Shapeshifter on Sept 3, 2023.
             Succumbed to a goblin's poison
             ... on level 1 of the Dungeon.
             The game lasted 00:00:14 (97 turns).

greenreed the Ruffian (Octopode Shapeshifter)         Turns: 97, Time: 00:00:15

Health: 0/13       AC:  1    Str: 13    XL:     1   Next: 40%
Magic:  1/1        EV: 13    Int: 12    God:
Gold:   0          SH:  0    Dex: 11    Spells: 0/0 levels left

rFire   . .          .
                       - Unarmed
rCold   . . .        (no shield)
rNeg    . . .        (helmet currently unavailable)
rPois   .            (no amulet)
rElec   .            (no ring)
rCorr   .            (no ring)
SInv    .            (no ring)
Will    .....        (no ring)
Stlth   ++           (no ring)
HPRegen 0.22/turn    (no ring)
MPRegen 0.07/turn    (no ring)
                     (no ring)

%: no passive effects
@: lethally poisoned (0 -> -8), beast-form
A: beast (slay +1), almost no armour, amphibious, 8 rings, camouflage 1,
gelatinous body 1, (nimble swimmer 1), tentacles
a: Begin Untransformation


You were on level 1 of the Dungeon.
You were a hulking beast.
You visited 1 branch of the dungeon, and saw 1 of its levels.

Inventory:

Talismans
 b - a beast talisman (active)
 c - a flux talisman
Scrolls
 d - a scroll of identify {unknown}
 e - a scroll of noise {unknown}
 f - a scroll of amnesia {unknown}
Potions
 a - a potion of lignification


   Skills:
 * Level 1.1 Fighting
 + Level 2.0 Dodging
 * Level 3.0 Unarmed Combat
 + Level 3.0 Shapeshifting


You couldn't memorise any spells.
You didn't know any spells.
Your spell library was empty.

Dungeon Overview and Level Annotations

Branches:
Dungeon (1/15)

Altars:

Shops:
D:1 [


Innate Abilities, Weirdness & Mutations

You are a hulking beast.
Your limbs bulge with bestial killing power. (Slay +1)
You cannot wear most types of armour.
You are amphibious.
You can wear up to eight rings at the same time.
Your skin changes colour to match your surroundings (Stealth+).
Your rubbery body absorbs attacks. (AC +1, EV +1)
((You are camouflaged when in or above water. (Stealth+)))
You have tentacles for arms and can constrict up to eight enemies at once.


Message History

You tentacle-slap the ball python. Your grab misses the ball python.
The ball python is severely wounded.
The ball python bites you. The ball python constricts you.
You tentacle-slap the ball python.
You kill the ball python!
No target in view!
HP restored.
You see here a ball python corpse.
d - a scroll labelled UVULEO MIANOI
Found a stone staircase leading down.
There is a stone staircase leading down here.
Found Omalocuf's Armour Shoppe.
Found a club.
e - a scroll labelled DYZI VAECUIHUO
There is an entrance to Omalocuf's Armour Shoppe here.
f - a scroll labelled XOFUIS IRALORI A goblin comes into view.
It is wielding a +2 dagger of venom.
The goblin shouts!
The goblin hits you with a +2 dagger of venom.
You are poisoned.
You closely miss the goblin. You grab the goblin.
You constrict the goblin, but do no damage.
You feel very sick. The goblin hits you but does no damage.
You are lethally poisoned!
You completely miss the goblin. You constrict the goblin.
You feel very sick. The goblin closely misses you.
You are too injured to fight recklessly!
You completely miss the goblin.
The goblin is moderately wounded.
You constrict the goblin.
You feel very sick. The goblin barely misses you.
You tentacle-slap the goblin. You squeeze the goblin.
You kill the goblin!
* * * LOW HITPOINT WARNING * * *
You feel sick.
Okay, then.
You die...

.#.# #.#.#)#
#.#.# #.#.#.#
#.#.# #.#.# #.#.
#.#.# #.# #.#.#
#.# #.#.# #.#
#.#.# #.# #.#.#
#h# #.#.#
#.#####...#.###
#................
###########.#####
.# #


There were no monsters in sight!

Vanquished Creatures
  A ball python (D:1)
  A goblin (D:1)
2 creatures vanquished.

Notes
Turn   | Place    | Note
-------+----------+-------------------------------------------
     0 | D:1      | greenreed the Octopode Shapeshifter began the quest for the
                  | Orb.
     0 | D:1      | Reached XP level 1. HP: 13/13 MP: 1/1
    62 | D:1      | Found Omalocuf's Armour Shoppe.
    97 | D:1      | Succumbed to a goblin's poison

Illustrated notes

Levels and vault maps discovered:
D:1:      wander_arrival_peaceful_grave, layout_basic, serial_shops, shop,
          roderic_lattice_a, minmay_worlds_worst_comb

Action                     || total
---------------------------++-------
  Melee: Unarmed           ||     6
         Constrict         ||     1
         Tentacles         ||     1
 Armour: Skin              ||     3
  Dodge: Dodged            ||     3

Table legend: (Time is in decaauts)
 A = Elapsed time spent in this place.
 B = Non-inter-level travel time spent in this place.
 C = Inter-level travel time spent in this place.
 D = Time resting spent in this place.
 E = Time spent auto-exploring this place.
 F = Levels seen in this place.
 G = Mean time per level.
                   A        B        C        D        E       F      G
               +--------+--------+--------+--------+--------+-----+--------+
         Total |     96 |     96 |      0 |      0 |     80 |   1 |   96.0 |
       Dungeon |     96 |     96 |      0 |      0 |     80 |   1 |   96.0 |
               +--------+--------+--------+--------+--------+-----+--------+

Top non-repeatable levels by time:
     D:1: 96 daAuts
